 Dungeon Crawl Stone Soup version 0.21.1-1-g345015fe64 (webtiles) character file.

208 Balth the Ducker (level 5, -1/40 HPs)
             Began as a Merfolk Skald on Mar 31, 2018.
             Was an Initiate of Nemelex Xobeh.
             Slain by an orc
             ... wielding a +0 hand axe
              (7 damage)
             ... on level 3 of the Dungeon.
             The game lasted 00:09:36 (2974 turns).

Balth the Ducker (Merfolk Skald)                    Turns: 2974, Time: 00:09:37

Health: -1/40      AC:  3    Str: 12    XL:     5   Next: 86%
Magic:  2/8        EV: 20    Int: 12    God:    Nemelex Xobeh [......]
Gold:   125        SH:  0    Dex: 19    Spells: 0/8 levels left

rFire    . . .     SeeInvis .   a - +0 falchion
rCold    . . .     Gourm    .   (no shield)
rNeg     . . .     Faith    .   b - +0 leather armour
rPois    .         Spirit   .   (no helmet)
rElec    .         Reflect  .   (no cloak)
rCorr    .         Harm     .   (no gloves)
MR       .....                  (no boots)
Stlth    +++.......             (no amulet)
HPRegen  0.13/turn              (no ring)
MPRegen  0.11/turn              (no ring)

@: agile, flying, very slightly contaminated, invisible
A: change form in water, swift swim, stealthy swim
a: Renounce Religion


You were on level 3 of the Dungeon.
You worshipped Nemelex Xobeh.
Nemelex Xobeh was noncommittal.
You were not hungry.

You visited 1 branch of the dungeon, and saw 3 of its levels.

You collected 125 gold pieces.

Inventory:

Hand Weapons
 a - a +0 falchion (weapon)
 o - a +0 dagger of speed
Missiles
 e - 2 tomahawks of returning (quivered)
 g - 55 arrows
 h - 10 bolts
 p - 3 needles of sleeping
Armour
 b - a +0 leather armour (worn)
Jewellery
 s - an uncursed amulet of magic regeneration {unknown}
Scrolls
 f - 2 scrolls of teleportation
 i - a scroll of identify {unknown}
 k - a scroll of amnesia
 l - a scroll of remove curse
Potions
 j - 2 potions of curing
 r - a potion of flight
Books
 c - a book of Battle

   Spells                             Type                      Level
   a - Infusion                       Charms                       1
   b - Shroud of Golubria             Charms/Translocation         2
   c - Song of Slaying                Charms                       2
   d - Spectral Weapon                Hexes/Charms                 3
   e - Regeneration                   Charms/Necromancy            3
Miscellaneous
 q - a plain deck of destruction {drawn: 5}
Comestibles
 d - 5 rations


   Skills:
 + Level 2.8 Fighting
 + Level 3.8 Long Blades
 + Level 1.3 Armour
 + Level 4.5 Dodging
 + Level 0.9 Stealth
 + Level 2.4 Spellcasting
 + Level 3.9 Charms
 + Level 0.2 Translocations


You couldn't memorise any spells.
You knew the following spells:

 Your Spells              Type           Power        Failure   Level  Hunger
a - Infusion              Chrm           ##..         7%          1    ##.....
b - Shroud of Golubria    Chrm/Tloc      #.........   22%         2    ###....
c - Song of Slaying       Chrm           ##......     10%         2    ###....
d - Spectral Weapon       Hex/Chrm       #.......     41%         3    ####...


Dungeon Overview and Level Annotations

Branches:
Dungeon (3/15)

Altars:
Nemelex Xobeh
Yredelemnul


Message History

You hear some strange, mumbled words.
A magic dart appears from out of thin air!
The magic dart hits you!
* * * LOW HITPOINT WARNING * * *
You feel better. The orc closely misses you.
You riposte.
You hit the orc.
You kill the orc!
Something hits you but does no damage.
It was a potion of invisibility.
You fade into invisibility!
You hear some strange, mumbled words.
A magic dart appears from out of thin air!
The magic dart hits you!
* * * LOW HITPOINT WARNING * * *
The orc misses you.
It was a potion of flight.
You feel very buoyant.
You fly up into the air.
Something barely misses you. The orc hits you with a hand axe!
You die...
Your body disappears without a glow.

###.......#.#.#
#...........#
#.......###.#
#.......# #.#
#.##.##.###.# #.
#.##.....# #.
#.##.#.###
.#####.##o##{#.#
.........hho@#.#
#####..#######.#
#.. #.# #.h ..#
#.. ### .o# ##o
#.


You could see 2 orcs and 2 jackals.

Vanquished Creatures
  5 gnolls
  10 adders
  3 worms
  A dart slug (D:3)
  2 leopard geckos
  3 orcs (D:3)
  A ball python (D:1)
  7 giant cockroaches
  4 goblins
  5 hobgoblins
  7 jackals (D:2)
  A quokka (D:2)
  3 bats
  2 frilled lizards (D:2)
  4 kobolds
  A rat (D:3)
59 creatures vanquished.

Notes
Turn   | Place    | Note
-------+----------+-------------------------------------------
     0 | D:1      | Balth the Merfolk Skald began the quest for the Orb.
     0 | D:1      | Reached XP level 1. HP: 16/16 MP: 3/3
   158 | D:1      | Reached skill level 3 in Dodging
   257 | D:1      | Reached XP level 2. HP: 23/23 MP: 5/5
   554 | D:1      | Learned a level 2 spell: Shroud of Golubria
   645 | D:2      | Reached XP level 3. HP: 22/28 MP: 0/6
   928 | D:2      | HP: 1/28 [adder (3)]
   931 | D:2      | Reached skill level 4 in Dodging
   931 | D:2      | Reached XP level 4. HP: 12/34 MP: 2/7
   935 | D:2      | Learned a level 2 spell: Song of Slaying
  1755 | D:2      | Reached skill level 1 in Armour
  1833 | D:2      | Reached XP level 5. HP: 28/40 MP: 3/8
  2159 | D:2      | Found a sparkling altar of Nemelex Xobeh.
  2160 | D:2      | Found a basalt altar of Yredelemnul.
  2168 | D:2      | Became a worshipper of Nemelex Xobeh the Trickster
  2551 | D:3      | Learned a level 3 spell: Spectral Weapon
  2626 | D:3      | Received a gift from Nemelex Xobeh
  2974 | D:3      | Slain by an orc

Skill      XL: |  1  2  3  4 |
---------------+-------------+-----
Dodging        | 3 4 |  4.5
Long Blades    | 3 |  3.8
Armour         | 1 |  1.3
Fighting       | |  2.8
Stealth        | |  0.9
Spellcasting   | |  2.4
Charms         | |  3.9
Translocations | |  0.2

Action                   |  1- 3 |  4- 6 || total
-------------------------+-------+-------++-------
Melee: Falchion          |    94 |   168 ||   262
       Tailslap          |       |     1 ||     1
Throw: Tomahawk          |     1 |       ||     1
 Cast: Infusion          |     5 |     9 ||    14
       Shroud of Golubri |     3 |     6 ||     9
       Song of Slaying   |       |     1 ||     1
Evoke: Deck              |       |     5 ||     5
  Use: Potion            |     1 |     8 ||     9
       Scroll            |       |     3 ||     3
 Stab: Sleeping          |       |     1 ||     1
  Eat: Chunk             |       |     5 ||     5
       Ration            |       |     1 ||     1
Armor: Leather armour    |    24 |    31 ||    55
Dodge: Dodged            |    92 |   148 ||   240
       Rpst.: Falchion   |    28 |    44 ||    72
